 Dungeon Crawl Stone Soup version 0.17-a0-2118-g63bad21 (webtiles) character file.

28 4thArraOfDagon the Ruffian (level 3, 0/33 HPs)
             Began as a Troll Transmuter on Oct 20, 2015.
             Slain by an ogre
             ... wielding a +0 giant spiked club
              (21 damage)
             ... on level 4 of the Dungeon.
             The game lasted 00:01:41 (347 turns).

4thArraOfDagon the Ruffian (Troll Transmuter)        Turns: 347, Time: 00:01:42

Health: 0/33       AC:  5    Str: 18    XL:     3   Next: 0%
Magic:  12/13      EV: 10    Int: 10    God:
Gold:   0          SH:  0    Dex: 10    Spells: 1 memorised, 3 levels left

rFire  . . .     SeeInvis .       - Unarmed
rCold  . . .     Clarity  +     b - +0 robe
rNeg   . . .     SustAt   .     (no shield)
rPois  .         Gourm    +     (helmet restricted)
rElec  .         Spirit   .     (no cloak)
rCorr  .         Warding  .     (gloves unavailable)
rMut   .         Stasis   .     (boots unavailable)
MR     .....                    h - amulet of clarity
Stlth  +.........               (no ring)
                                l - ring of magical power

@: appendage (expiring), not resistant to hostile enchantments, very unstealthy
A: unfitting armour, claws 3, talons 3, fast metabolism 3, gourmand,
regeneration 2, shaggy fur 1, tough skin 2
a: End Transformation


You were on level 4 of the Dungeon.
You were very full.
You had grown temporary talons.
You visited 1 branch of the dungeon, and saw 4 of its levels.

Inventory:

Missiles
 a - 12 arrows
Armour
 b - a +0 robe (worn)
Jewellery
 h - an amulet of clarity (around neck)
 l - a ring of magical power (left claw)
Scrolls
 e - a scroll of enchant weapon {unknown}
 j - a scroll of remove curse {unknown}
 m - a scroll of blinking {unknown}
 n - a scroll of identify {unknown}
Potions
 f - a potion of cancellation {unknown}
 g - a potion of resistance {unknown}
 i - a potion of haste {unknown}
Books
 c - a book of Changes

   Spells                             Type                      Level
   a - Beastly Appendage              Transmutation                1
   b - Sticks to Snakes               Transmutation                2
   c - Spider Form                    Transmutation/Poison         3
   d - Ice Form                       Ice/Transmutation            4
   e - Blade Hands                    Transmutation                5
 k - a book of the Dragon

   Spells                             Type                      Level
   a - Flame Tongue                   Conjuration/Fire             1
   b - Cause Fear                     Hexes                        4
   c - Bolt of Fire                   Conjuration/Fire             6
   d - Dragon Form                    Transmutation                7
   e - Dragon's Call                  Summoning                    9
Comestibles
 d - 3 bread rations


   Skills:
 + Level 1.1 Fighting
 + Level 1.8 Dodging
 * Level 3.4 Unarmed Combat
 + Level 1.4 Spellcasting
 + Level 1.6 Transmutations


You had 3 spell levels left.
You knew the following spells:

 Your Spells              Type           Power        Failure   Level  Hunger
a - Beastly Appendage     Trmt           #.....       21%         1    ##.....


Dungeon Overview and Level Annotations

Branches:
Dungeon (4/15)
 Temple: D:4-7

Altars:
Fedhas
Ru
Sif Muna
Trog
Vehumet


Innate Abilities, Weirdness & Mutations

You are too large for most types of armour.
You have claws for hands.
Your metabolism is lightning-fast.
You like to eat raw meat.
You heal very quickly.
You are covered in fur (AC +1).
You have very tough skin (AC +2).
You have claws for feet.


Message History

Found a great sword.
Found 26 stones.
An ogre comes into view. It is wielding a giant spiked club.
Unknown command.
Casting: Beastly Appendage
Confirm with . or Enter, or press ? or * to list all spells.
Your feet morph into talons.
You scratch the ogre but do no damage.
The ogre hits you with a giant spiked club!
You scratch the ogre. You claw the ogre, but do no damage.
The ogre is lightly wounded.
You scratch the ogre. Your kick misses the ogre.
The ogre is moderately wounded.
Your transformation is almost over.
The ogre closely misses you.
You barely miss the ogre. You claw the ogre!
The ogre is heavily wounded.
The ogre hits you with a giant spiked club!!
Ouch! That really hurt!
You die...

####.)..# #.## #
###.......# #..#
###...##....# #..#
#...####....# #..#
..######....###..##
..................#
###############...#
#.........#
..######@## ######
#....O.....# ......
#..........# ##
#..........#
#########
#..........#
.#.......
............# ...##
###..........#
....# #..........#
###.### #.#


You could see an ogre.

Vanquished Creatures
  2 adders
  A hobgoblin (D:3)
  3 jackals (D:4)
  2 quokkas
  3 rats
11 creatures vanquished.

Notes
Turn   | Place    | Note
--------------------------------------------------------------
     0 | D:1      | 4thArraOfDagon the Troll Transmuter began the quest for the Orb.
     0 | D:1      | Reached XP level 1. HP: 18/18 MP: 1/1
    70 | D:2      | Reached skill level 1 in Fighting
    70 | D:2      | Reached XP level 2. HP: 22/27 MP: 3/3
    91 | D:3      | Found a deep blue altar of Sif Muna.
    91 | D:3      | Found a sacrificial altar of Ru.
    91 | D:3      | Found a bloodstained altar of Trog.
    91 | D:3      | Found a radiant altar of Vehumet.
    96 | D:3      | Found a blossoming altar of Fedhas.
   295 | D:4      | Reached XP level 3. HP: 30/33 MP: 4/4
   341 | D:4      | Noticed an ogre
   347 | D:4      | Slain by an ogre

Vault maps used:
D:1:      matt_arrival_refuge, roderic_three_in_a_row
D:2:      first_bread
D:3:      minitemple
D:4:      nicolae_dithmenos_the_darkroom

Action                   || total
-------------------------++-------
Melee: Unarmed           ||    49
 Cast: Beastly Appendage ||     1
 Stab: Sleeping          ||     1
  Eat: Chunk             ||     8
